 Dungeon Crawl Stone Soup version 0.30.1-11-g7821555f0a (webtiles) character file.

Game seed: 2054488119318803254

2 SacredBeard the Vexing (level 1, 0/11 HPs)
             Began as a Deep Elf Hexslinger on Oct 30, 2023.
             Slain by a jackal (2 damage)
             ... on level 1 of the Dungeon.
             The game lasted 00:00:49 (48 turns).

SacredBeard the Vexing (Deep Elf Hexslinger)          Turns: 48, Time: 00:00:49

Health: 0/11       AC:  2    Str:  7    XL:     1   Next: 33%
Magic:  5/5        EV: 12    Int: 17    God:
Gold:   0          SH:  0    Dex: 15    Spells: 2/3 levels left

rFire   . . .        a - +1 sling
rCold   . . .        (no shield)
rNeg    . . .        c - +0 robe
rPois   .            (no helmet)
rElec   .            (no cloak)
rCorr   .            (no gloves)
SInv    .            (no boots)
Will    .....        (no amulet)
Stlth   +            (no ring)
HPRegen 0.21/turn    (no ring)
MPRegen 0.09/turn

%: no passive effects
@: no status effects
A: no striking features
a: no special abilities


You were on level 1 of the Dungeon.
You visited 1 branch of the dungeon, and saw 1 of its levels.

Inventory:

Hand Weapons
 a - a +1 sling (weapon)
Armour
 c - a +0 robe (worn)
Scrolls
 b - a scroll of poison
 d - a scroll of identify {unknown}


   Skills:
 + Level 0.7 Fighting
 * Level 2.8 Ranged Weapons
 + Level 0.0 Armour
 + Level 2.4 Dodging
 + Level 1.5 Spellcasting
 + Level 4.0 Hexes


You had 2 spell levels left.
You knew the following spells:

 Your Spells              Type           Power      Damage    Failure   Level
a - Slow                  Hex            60%        N/A       3%          1

Your spell library contained the following spells:

 Spells                   Type           Power      Damage    Failure   Level
 Inner Flame              Hex/Fire       8%         N/A       26%         3
 Portal Projectile        Hex/Tloc       16%        N/A       26%         3
 Cause Fear               Hex            7%         N/A       36%         4


Dungeon Overview and Level Annotations

Branches:
Dungeon (1/15) Zot: 5947

Altars:


Message History

The bat barely misses you.
You shoot a sling bullet. The sling bullet hits the bat.
You kill the bat!
Found a short sword.
Found 6 stones.
A jackal comes into view.
The jackal barks!
You hear a bark!
A jackal comes into view. x2
Found a viscous emerald potion, a ring mail and 5 gold pieces.
You shoot a sling bullet.
The sling bullet barely misses the jackal.
You shoot a sling bullet. The sling bullet hits the jackal.
The jackal is almost dead.
The jackal bites you. x2
You are too injured to fight recklessly!
You are too injured to fight recklessly!
You shoot a sling bullet.
The sling bullet hits the jackal but does no damage.
The jackal is almost dead.
The jackal barely misses you. x2
You shoot a sling bullet. The sling bullet hits the jackal.
You kill the jackal!
The jackal bites you but does no damage.
You shoot a sling bullet. The sling bullet hits the jackal.
The jackal is heavily wounded.
The jackal bites you. The jackal misses you.
You shoot a sling bullet. The sling bullet hits the jackal.
The jackal is almost dead.
The jackal bites you but does no damage.
The jackal misses you.
You shoot a sling bullet.
The sling bullet closely misses the jackal.
The jackal bites you.
* * * LOW HITPOINT WARNING * * *
The jackal barely misses you. x2; The jackal bites you.
* * * LOW HITPOINT WARNING * * *
You shoot a sling bullet. The sling bullet hits the jackal.
You kill the jackal!
The jackal misses you. The jackal bites you.
You die...

.... #.# ###..## ....
#.##.....#$
#..###........#[ #
.............#! #.
##....# .....##
.###.##.....# .......
............##.......
#......@.## #..###h#†.#
#..# #.##?# #..# #.#....
##########..# #.#......
...........)#
...........
.....†.####.#
........###
.#####.####.# ...h.....
....##.##...#.....h.(#.#


You could see a jackal.

Vanquished Creatures
  2 jackals (D:1)
  A bat (D:1)
  A kobold (D:1)
4 creatures vanquished.

Notes
Turn   | Place    | Note
-------+----------+-------------------------------------------
     0 | D:1      | SacredBeard the Deep Elf Hexslinger began the quest for the
                  | Orb.
     0 | D:1      | Reached XP level 1. HP: 11/11 MP: 5/5
    48 | D:1      | Slain by a jackal

Illustrated notes

Levels and vault maps discovered:
D:1:      mrwooster_arrival_statue_2, layout_basic, serial_glass,
          glass_columns_b, glass_columns_c, glass_columns_b, glass_columns_b,
          glass_columns_c, glass_columns_b, due_unseen_surprise,
          minmay_strange_pillars, minmay_door_square

Action                     || total
---------------------------++-------
   Fire: Sling             ||    14
 Armour: Robe              ||     2
  Dodge: Dodged            ||    10
